 Dungeon Crawl Stone Soup version 0.20-a0-1017-gc3250ce (console) character file.

120362 nht the Sharpshooter (level 17, -7/117 HPs)
             Began as a Kobold Hunter on Apr 16, 2017.
             Was the Champion of Okawaru.
             Mangled by a dire elephant (32 damage)
             ... on level 15 of the Dungeon.
             The game lasted 01:11:40 (28083 turns).

nht the Sharpshooter (Kobold Hunter)               Turns: 28083, Time: 01:11:52

Health: -7/117     AC: 13    Str: 18    XL:     17   Next: 37%
Magic:  24/24      EV: 23    Int: 14    God:    Okawaru [******]
Gold:   674        SH:  0    Dex: 18    Spells: 16/16 levels left

rFire    + . .     SeeInvis +     - Unarmed
rCold    . . .     Gourm    .   (shield restricted)
rNeg     . . .     Faith    .   W - +0 scale mail "Kazot" {rC+ Slay+3} (curse)
rPois    .         Spirit   .   Y - +1 helmet
rElec    .         Reflect  .   c - scarf {repulsion}
rCorr    +         Harm     .   i - +0 pair of gloves
MR       ++...                  N - +1 pair of boots {Stlth+}
Stlth    +++.......             g - amulet of Qimi {RegenMP Str+6}
Regen    0.3/turn               r - ring of resist corrosion
MPRegen  0.3/turn               n - ring "Minkyed" {Fire +Blink MR+ SInv}

@: heroism, studying Earth Magic, repel missiles
A: carnivore 3
a: Heroism, Finesse, Renounce Religion, Evoke Blink


You were on level 15 of the Dungeon.
You worshipped Okawaru.
Okawaru was exalted by your worship.
You were very full.

You visited 4 branches of the dungeon, and saw 24 of its levels.
You also visited: Bailey.

You collected 2398 gold pieces.
You spent 1724 gold pieces at shops.

Inventory:

Hand Weapons
 a - the +8 arbalest of the Blind Eye {elec, Str+4 Dex-2}
   (Okawaru gifted it to you on level 12 of the Dungeon)

   It charges the ammunition it shoots with electricity; occasionally upon a
   hit, such missiles may discharge and cause terrible harm.
   It affects your strength (+4).
   It affects your dexterity (-2).
 y - a +1 triple crossbow of freezing
Missiles
 d - 70 bolts
Armour
 c - a scarf of repulsion (worn)
 h - the +1 robe of the Blacksmith {rPois rC+ Str+4}
   (You found it on level 10 of the Dungeon)

   It affects your strength (+4).
   It protects you from cold.
   It protects you from poison.
 i - a +0 pair of gloves (worn)
 N - a +1 pair of boots of stealth (worn)
 W - the cursed +0 scale mail "Kazot" (worn) {rC+ Slay+3}
   (You bought it in a shop on level 1 of the Orcish Mines)

   It affects your accuracy and damage with ranged weapons and melee attacks
   (+3).
   It protects you from cold.
   It has a curse placed upon it.
 Y - a +1 helmet (worn)
Magical Staves
 B - an uncursed staff of air
Jewellery
 g - the amulet of Qimi (around neck) {RegenMP Str+6}
   (You found it in a bailey)

   [amulet of magic regeneration]

   It increases your magic regeneration.
   It affects your strength (+6).
 n - the ring "Minkyed" (right hand) {Fire +Blink MR+ SInv}
   (You found it on level 14 of the Dungeon)

   [ring of fire]

   It enhances your fire magic.
   It protects you from fire.
   It makes you vulnerable to cold.
   It affects your resistance to hostile enchantments.
   It lets you see invisible.
   It lets you blink.
 p - an uncursed ring of flight
 r - a ring of resist corrosion (left hand)
Wands
 b - a wand of polymorph (18/24)
 s - a wand of paralysis (12/24)
 v - a wand of paralysis (9/24)
 H - a wand of confusion (9/48)
 L - a wand of digging (4/24)
 Q - a wand of acid (6/15)
 S - a wand of acid (1/15)
 X - a wand of iceblast (7/15)
Scrolls
 j - 5 scrolls of enchant armour
 m - 3 scrolls of amnesia
 o - 4 scrolls of enchant weapon
 q - 7 scrolls of remove curse
 u - 2 scrolls of teleportation
 A - 6 scrolls of recharging
 O - 2 scrolls of magic mapping
 P - 5 scrolls of identify
 R - a scroll of holy word
 V - 2 scrolls of blinking
Potions
 k - 9 potions of brilliance
 l - 7 potions of mutation
 t - 3 potions of might
 w - a potion of haste
 x - 4 potions of heal wounds
 z - 13 potions of curing
 E - 2 potions of flight
 F - 2 potions of agility
 G - 5 potions of resistance
 I - 3 potions of magic
 K - a potion of cancellation
 U - 2 potions of berserk rage
 Z - 2 potions of invisibility
Books
 M - a manual of Earth Magic
Miscellaneous
 e - a lightning rod (4/4)
Comestibles
 f - 7 meat rations
 D - 8 royal jellies


   Skills:
 - Level 17.0(22.0) Fighting
 + Level 18.1(23.1) Crossbows
 - Level 10.2(15.2) Dodging
 - Level 1.3(6.3) Stealth
 + Level 16.6(21.6) Unarmed Combat
 - Level 2.8 Earth Magic
 - Level 9.4 Invocations


You had 16 spell levels left.
You didn't know any spells.

Dungeon Overview and Level Annotations

Branches:
Dungeon (15/15)            Temple (1/1) D:5            Lair (6/6) D:10
  Swamp (0/4) Lair:2       Spider (0/4) Lair:2        Slime (0/5) Lair:6
    Orc (2/2) D:9             Elf (0/3) Orc:2        Vaults (0/5) D:13
 Depths (0/5) D:15

Altars:
Ashenzari
Cheibriados
Dithmenos
Elyvilon
Fedhas
Gozag
Hepliaklqana
Kikubaaqudgha
Makhleb
Nemelex Xobeh
Okawaru
Qazlal
Ru
Sif Muna
Trog
Uskayaw
Vehumet
Wu Jian
Xom
Yredelemnul
Zin
The Shining One
Jiyva

Shops:
D:7 =   D:8 !   D:9 (   D:13 ?*   Orc:1 [   Orc:2 }(?!

Portals:
Pandemonium: Orc:2

Annotations:
D:5 exclusion: door
D:13 Kirke
Lair:6 1 runed door


Innate Abilities, Weirdness & Mutations

You are small and have problems with some larger weapons.
You are carnivorous and can eat meat at any time.


Message History

The dire elephant trunk-slaps you.
* * * LOW HITPOINT WARNING * * *
The salamander closely misses you.
Evoke which item? (* to show all) (? for menu, Esc to quit)
Aiming: Corrosive Bolt
Press: ? - help, Shift-Dir - straight line, f - manticore, p - salamander
Aim: a manticore The bolt of acid hits the dire elephant.
The dire elephant is splashed with acid.
The acid corrodes the dire elephant!
The dire elephant is severely wounded.
The bolt of acid hits the salamander.
The salamander is splashed with acid.
The acid corrodes the salamander!
You kill the salamander!
Okawaru accepts your kill.
The bolt of acid hits the manticore.
The manticore is splashed with acid.
The acid corrodes the manticore!
The manticore is moderately wounded.
This wand has 1 charge left.
The dire elephant tramples you!!
You die...

≈.█ █≈≈≈≈≈≈≈.█ ≈.█
█≈≈≈≈≈≈.█ ≈ █.█
█████≈≈≈≈█.█ ≈ █.█
█...█......█ .
█.███...█†██████ ███
. █.█.....†.█ █<█
.████.█.███..███ █.█
.........███...█████
█ █.█ .........█
█.≈..@≈.█..█ █.█
█........█
█..(█.Y..(.█ █.█
...██....█
██.████)█████████.█
█..██....█ █.. H█
█.......█
██........█ █≈.█ .█
█.███████
....█.█...█ █... .█
█.█ ....█.█...█ ██.█
█> █.█ ......█████ █
█.█ ██.█..█
███████.█


You could see a dire elephant and a manticore.

Vanquished Creatures
  Rupert (Lair:6)
  An orc warlord (Bailey)
  The ghost of bworf the Severer, a journeyman HOGl of Qazlal (D:14)
  A stone giant (Orc:1)
  A fire dragon (Lair:6)
  5 hydras
  Erolcha (D:9)
  3 centaur warriors (D:13)
  Erica (D:8)
  An ogre mage (D:15)
  3 death yaks (Lair:6)
  A tengu warrior (D:13)
  6 orc high priests (Orc:2)
  10 two-headed ogres
  Urug (D:13)
  A soul eater (Orc:2)
  2 deep trolls (D:10)
  A swamp dragon (Lair:6)
  2 unseen horrors
  2 infernal demonspawn (Orc:2)
  A torturous demonspawn (Orc:2)
  3 lindwurms
  The ghost of zkyp the Blocker, a novice GnFi of Gozag (D:6)
  5 orc knights
  2 deep elf magi
  18 ugly things
  5 orc sorcerers (Orc:2)
  4 manticores
  2 cyclopes
  4 black mambas
  17 elephants
  A salamander (D:15)
  A smoke demon (Orc:2)
  5 torpor snails (Lair:6)
  2 gargoyles
  9 spiny frogs
  An efreet (D:14)
  3 rime drakes
  An ice devil (Orc:2)
  14 komodo dragons
  9 hornets
  11 trolls
  A polar bear (Lair:2)
  4 tyrant leeches (Lair:6)
  14 blink frogs
  10 slime creatures (D:15)
  7 hippogriffs
  A redback (Lair:2)
  A centaur simulacrum (D:13)
  31 yaks
  4 wyverns
  A ynoxinul (Orc:2)
  17 humans
  A water elemental (D:15)
  9 hogs
  4 vampire mosquitoes (D:15)
  4 basilisks
  3 hungry ghosts
  A chaos spawn (Orc:2)
  4 steam dragons (Lair:6)
  3 wargs
  An acid dragon (Lair:6)
  Duvessa (D:6)
  10 water moccasins
  8 porcupines
  A swamp drake (Lair:6)
  An ice beast (D:6)
  26 orc warriors
  2 sky beasts
  2 phantoms
  7 ogres
  A black bear (Lair:5)
  4 wolves
  3 centaurs
  16 crocodiles
  3 big kobolds
  11 bullfrogs
  A gnoll sergeant (D:11)
  Dowan (D:6)
  3 scorpions
  A wyvern skeleton (D:7)
  A water moccasin skeleton (D:5)
  14 wights
  8 killer bees
  2 centaur zombies
  7 electric eels
  7 howler monkeys
  A crimson imp (D:14)
  2 bullfrog zombies
  27 orc priests
  A bullfrog skeleton (D:12)
  5 hounds
  25 orc wizards
  3 centaur skeletons
  7 iguanas
  Natasha (thrice) (D:3)
  10 worker ants
  A hound skeleton (D:9)
  A worker ant zombie (D:5)
  6 gnolls
  11 adders
  4 shadow imps
  An ooze (D:3)
  2 adder skeletons
  4 worms (D:2)
  2 dart slugs
  7 leopard geckos
  90 orcs
  3 giant cockroaches
  14 goblins
  6 hobgoblins
  2 jackals (D:2)
  6 quokkas
  5 bats
  A frilled lizard (D:4)
  A jackal skeleton (D:5)
  23 kobolds
  A leopard gecko skeleton (D:6)
  A quokka skeleton (D:7)
  2 quokka zombies
  7 rats
  A plant (D:14)
712 creatures vanquished.

Vanquished Creatures (collateral kills)
  An ice devil (Orc:2)
1 creature vanquished.

Vanquished Creatures (others)
  An ooze (D:2)
  An orc (D:5)
  12 fungi
  28 plants
42 creatures vanquished.

Grand Total: 755 creatures vanquished

Notes
Turn   | Place    | Note
-------+----------+-------------------------------------------
     0 | D:1      | nht the Kobold Hunter began the quest for the Orb.
     0 | D:1      | Reached XP level 1. HP: 12/12 MP: 1/1
    82 | D:1      | Reached skill level 5 in Crossbows
   234 | D:1      | Reached XP level 2. HP: 17/17 MP: 2/2
   815 | D:2      | Reached XP level 3. HP: 20/21 MP: 3/3
   845 | D:2      | Reached skill level 6 in Crossbows
  1077 | D:2      | Found a sacrificial altar of Ru.
  1091 | D:2      | Reached XP level 4. HP: 26/26 MP: 4/4
  1142 | D:2      | Found a stormy altar of Qazlal.
  1469 | D:3      | Reached skill level 7 in Crossbows
  1756 | D:3      | Noticed Natasha
  1763 | D:3      | Killed Natasha
  1763 | D:3      | Reached XP level 5. HP: 25/30 MP: 5/5
  1776 | D:3      | Reached skill level 8 in Crossbows
  1870 | D:3      | Noticed Natasha
  1877 | D:3      | Killed Natasha
  1877 | D:3      | Reached XP level 6. HP: 23/35 MP: 6/6
  1945 | D:3      | Noticed Natasha
  1951 | D:3      | Killed Natasha
  2237 | D:4      | Noticed an ogre
  2243 | D:4      | Killed an ogre
  2243 | D:4      | Reached skill level 9 in Crossbows
  2271 | D:4      | Reached XP level 7. HP: 31/40 MP: 7/7
  2423 | D:5      | Entered Level 5 of the Dungeon
  2445 | D:5      | Found a white marble altar of Elyvilon.
  2601 | D:5      | Found a staircase to the Ecumenical Temple.
  2619 | Temple   | Entered the Ecumenical Temple
  2708 | Temple   | Became a worshipper of Warmaster Okawaru
  2767 | D:5      | Found a deep blue altar of Sif Muna.
  2856 | D:4      | Reached skill level 10 in Crossbows
  3007 | D:4      | Reached skill level 1 in Unarmed Combat
  4484 | D:6      | Reached XP level 8. HP: 42/44 MP: 8/8
  4559 | D:6      | Reached * piety under Okawaru
  4670 | D:6      | Reached skill level 5 in Unarmed Combat
  4885 | D:6      | Noticed zkyp's ghost (novice GnFi)
  5025 | D:6      | Killed zkyp's ghost
  5025 | D:6      | Reached ** piety under Okawaru
  5025 | D:6      | Reached XP level 9. HP: 17/48 MP: 9/9
  5497 | D:6      | Noticed Duvessa
  5499 | D:6      | Noticed Dowan
  5514 | D:6      | Killed Duvessa
  5514 | D:6      | Reached skill level 1 in Invocations
  5517 | D:6      | Killed Dowan
  6121 | D:7      | Reached *** piety under Okawaru
  6145 | D:7      | Found Fopteulu's Jewellery Shop.
  6304 | D:7      | Found a flagged portal.
  6479 | Bailey   | Entered a bailey
  6485 | Bailey   | Noticed an orc warlord
  7023 | Bailey   | Found a runed gate.
  7025 | Bailey   | Found a runed gate.
  7026 | Bailey   | Found a runed gate.
  7147 | Bailey   | Killed an orc warlord
  7147 | Bailey   | Reached **** piety under Okawaru
  7147 | Bailey   | Received a gift from Okawaru
  7147 | Bailey   | Reached skill level 5 in Fighting
  7147 | Bailey   | Reached skill level 5 in Dodging
  7147 | Bailey   | Reached skill level 10 in Unarmed Combat
  7147 | Bailey   | Reached XP level 10. HP: 20/59 MP: 9/13
  7166 | Bailey   | Reached XP level 11. HP: 24/63 MP: 11/14
  7366 | Bailey   | Got a scorched platinum amulet
  7367 | Bailey   | Identified a scroll of acquirement
  7484 | D:7      | Identified the amulet of Qimi {RegenMP Str+6} (You found it in a bailey)
  8377 | D:8      | Found Lawuc's Distillery.
  8380 | D:8      | Got a slimy dagger
  8381 | D:8      | Identified the +8 dagger of Uwnix {flame, *Contam rC+ Str+3} (You found it on level 8 of the Dungeon)
  8392 | D:8      | Bought a potion of degeneration for 16 gold pieces
  8392 | D:8      | Bought a potion of agility for 64 gold pieces
  8549 | D:8      | Noticed Erica
  8560 | D:8      | Killed Erica
  8560 | D:8      | Received a gift from Okawaru
  8942 | D:9      | Found Booheghi's Antique Weapon Boutique.
  9005 | D:9      | Reached skill level 5 in Invocations
  9135 | D:9      | Received a gift from Okawaru
  9206 | D:9      | Noticed Erolcha
  9215 | D:9      | Killed Erolcha
  9215 | D:9      | Reached XP level 12. HP: 64/70 MP: 14/16
  9307 | D:9      | Noticed a two-headed ogre
  9307 | D:9      | Noticed a two-headed ogre
  9320 | D:9      | Killed a two-headed ogre
  9328 | D:9      | Killed a two-headed ogre
  9458 | D:9      | Reached ***** piety under Okawaru
  9508 | D:9      | Found a staircase to the Orcish Mines.
  9659 | D:9      | Found a radiant altar of Vehumet.
  9661 | D:9      | Found an ancient bone altar of Kikubaaqudgha.
  9690 | D:10     | Entered Level 10 of the Dungeon
  9995 | D:10     | Got a translucent dagger
  9996 | D:10     | Identified the +7 dagger "Fitrot" {distort, rF++} (You found it on level 10 of the Dungeon)
  9997 | D:10     | Found a staircase to the Lair.
 10030 | D:10     | Got a dull robe
 10063 | D:10     | Killed an unseen horror
 10109 | D:10     | Identified the +1 robe of the Blacksmith {rPois rC+ Str+4} (You found it on level 10 of the Dungeon)
 10378 | D:10     | Noticed a deep troll
 10390 | D:10     | Received a gift from Okawaru
 10510 | D:10     | Killed a deep troll
 10539 | D:10     | Noticed a deep troll
 10554 | D:10     | Killed a deep troll
 11531 | D:11     | Noticed a two-headed ogre
 11538 | D:11     | Killed a two-headed ogre
 11538 | D:11     | Received a gift from Okawaru
 11947 | D:11     | Reached skill level 15 in Unarmed Combat
 12050 | D:11     | Reached XP level 13. HP: 23/77 MP: 18/18
 12665 | D:12     | Received a gift from Okawaru
 13478 | D:12     | Found an iron altar of Okawaru.
 13527 | D:12     | Got a twisted arbalest {god gift}
 13528 | D:12     | Identified the +8 arbalest of the Blind Eye {elec, Str+4 Dex-2} (Okawaru gifted it to you on level 12 of the Dungeon)
 13781 | D:12     | Reached skill level 1 in Earth Magic
 13785 | D:12     | Reached ****** piety under Okawaru
 13972 | Lair:1   | Entered Level 1 of the Lair of Beasts
 13998 | D:10     | Reached skill level 11 in Crossbows
 14632 | Lair:1   | Received a gift from Okawaru
 14824 | Lair:1   | Reached skill level 13 in Crossbows
 14824 | Lair:1   | Reached XP level 14. HP: 84/84 MP: 19/19
 15167 | Lair:2   | Reached skill level 14 in Crossbows
 15371 | Lair:2   | Found a hole to the Spider Nest.
 15614 | Lair:2   | Reached skill level 15 in Crossbows
 15681 | Lair:2   | Found a staircase to the Swamp.
 16241 | Lair:3   | Reached skill level 16 in Crossbows
 16434 | Lair:3   | Reached XP level 15. HP: 62/88 MP: 20/20
 17389 | Lair:4   | Got a jewelled mace
 17390 | Lair:4   | Identified the +6 mace of Flawed Execution {freeze, rElec rF- Str+4} (You found it on level 4 of the Lair of Beasts)
 17655 | Lair:5   | Received a gift from Okawaru
 17914 | Lair:5   | Reached skill level 17 in Crossbows
 18365 | Lair:6   | Entered Level 6 of the Lair of Beasts
 18476 | Lair:6   | Noticed Rupert
 18490 | Lair:6   | Killed Rupert
 19171 | Lair:6   | Reached skill level 18 in Crossbows
 19796 | Lair:6   | Found a viscous altar of Jiyva.
 19797 | Lair:6   | Found a staircase to the Slime Pits.
 20576 | Lair:6   | Found a runed door.
 21088 | Lair:6   | Received a gift from Okawaru
 21106 | Lair:6   | Reached XP level 16. HP: 15/96 MP: 20/22
 21796 | Orc:1    | Entered Level 1 of the Orcish Mines
 21823 | Orc:1    | Found Koinn's Antique Armour Boutique.
 21837 | Orc:1    | Bought a bronze scale mail for 252 gold pieces
 21837 | Orc:1    | Bought a shiny helmet for 210 gold pieces
 21847 | Orc:1    | Identified the cursed +0 scale mail "Kazot" {rC+ Slay+3} (You bought it in a shop on level 1 of the Orcish Mines)
 22292 | Orc:2    | Entered Level 2 of the Orcish Mines
 22419 | Orc:2    | Found Qytirgh's Magic Scroll Shoppe.
 22422 | Orc:2    | Found Ycuecha's Distillery.
 22835 | Orc:2    | Bought a scroll of magic mapping for 38 gold pieces
 22835 | Orc:2    | Bought a scroll of summoning for 104 gold pieces
 23783 | Orc:2    | Found a staircase to the Elven Halls.
 23942 | Orc:2    | Reached skill level 10 in Dodging
 24005 | Orc:2    | Received a gift from Okawaru
 24053 | Orc:2    | Found Leuloah's Antique Weapon Boutique.
 24053 | Orc:2    | Found a one-way gate leading to the halls of Pandemonium.
 24053 | Orc:2    | Found Tiuphol's Gadget Shop.
 24399 | Orc:2    | Bought a scroll of blinking for 82 gold pieces
 24401 | Orc:2    | Bought a potion of invisibility for 96 gold pieces
 24401 | Orc:2    | Bought a potion of invisibility for 96 gold pieces
 24403 | Orc:2    | Bought a scroll of acquirement for 572 gold pieces
 24403 | Orc:2    | Bought a scroll of torment for 82 gold pieces
 24556 | D:13     | Found a gate to the Vaults.
 24556 | D:13     | Noticed Urug
 24617 | D:13     | Reached skill level 10 in Fighting
 24719 | D:13     | Killed Urug
 24732 | D:13     | Found Sige's Magic Scroll Boutique.
 24738 | D:13     | Bought a scroll of blinking for 112 gold pieces
 24823 | D:13     | Noticed Kirke
 25173 | D:13     | Found Bix Emia's Assorted Antiques.
 25291 | D:12     | Received a gift from Okawaru
 25720 | D:14     | Found a blossoming altar of Fedhas.
 25741 | D:14     | Noticed bworf's ghost (journeyman HOGl)
 25764 | D:14     | Killed bworf's ghost
 25879 | D:14     | Got a smoking brass ring
 25880 | D:14     | Identified the ring "Minkyed" {Fire +Blink MR+ SInv} (You found it on level 14 of the Dungeon)
 26768 | D:14     | Got an ancient demon blade
 26776 | D:14     | Identified the +6 demon blade "Plog" {venom, MP+9} (You found it on level 14 of the Dungeon)
 26789 | D:14     | Received a gift from Okawaru
 26789 | D:14     | Reached skill level 15 in Fighting
 26789 | D:14     | Reached XP level 17. HP: 86/113 MP: 24/24
 27362 | D:15     | Entered Level 15 of the Dungeon
 27567 | D:15     | Received a gift from Okawaru
 28063 | D:15     | Found a staircase to the Depths.
 28083 | D:15     | Mangled by a dire elephant

Vault maps used:
D:1:      minmay_arrival_four_circles
D:2:      grunt_qazlal_clouds, old_standard_altar, first_bread
D:3:      uniq_natasha
D:4:      minmay_misc_feat_iff, st_stairs_5
D:5:      elyvilon_altar_5, led_sif_book, minmay_temple_entry_junction,
          kennysheep_generic_room_7
D:6:      st_stairs_14, uniq_duvessa
D:7:      enter_bailey_3, serial_shops, shop
D:8:      serial_shops, shop_statue, uniq_erica
D:9:      chequers_temple_overflow_statue_of_worship, david_orc_2, serial_shops,
          shop, uniq_erolcha
D:10:     lemuel_troll_bridge
D:12:     basic_altar, grunt_livestock
D:13:     david_vaults_3, serial_shops, shop, shop_statue,
          hangedman_decor_growths, uniq_kirke
D:14:     minmay_weird_star, fedhas_altar_2
D:15:     hangedman_depths_entry_try_elsewhere_first
Temple:   lightli_temple_of_artemis
Lair:1:   grunt_megastairs_2
Lair:2:   cheibrodos_lair_overgrown_chateau, swamp_mist_pool,
          spider_nest_entry_a, nicolae_quartered_pool_super
Lair:3:   lemuel_fruit_tree, infiniplex_staircase_pool_2
Lair:5:   grunt_megastairs_3
Lair:6:   guppyfry_lair_end_dragon, wormcave, slime_altar_1,
          serial_bayou_shore_a, grunt_megastairs_1, uniq_rupert
Orc:1:    serial_shops, nicolae_shop_crystal
Orc:2:    pf_orc_diabolical
Bailey:   bailey_axe_bossmonster_kennysheep, bailey

Skill      XL: |  1  2  3  4  5  6  7  8  9 10 11 12 13 14 15 16 17 |
---------------+----------------------------------------------------+-----
Crossbows      | 5 6 7 8 9 10 13 16 18 | 18.1
Unarmed Combat | 3 7 10 13 14 15 16 | 16.6
Dodging        | 5 6 8 9 10 | 10.2
Invocations    | 4 5 7 8 9 |  9.4
Fighting       | 5 6 7 8 9 15 17 | 17.0
Earth Magic    | 2 |  2.8
Stealth        | |  1.3

Action                   |  1- 3 |  4- 6 |  7- 9 | 10-12 | 13-15 | 16-18 || total
-------------------------+-------+-------+-------+-------+-------+-------++-------
Melee: Mace              |       |       |   117 |       |       |       ||   117
       Unarmed           |       |       |   167 |   147 |   152 |   448 ||   914
       Punch             |       |       |    12 |    13 |    19 |    49 ||    93
       Hand crossbow     |       |       |       |     1 |       |       ||     1
 Fire: Hand crossbow     |    62 |   104 |   141 |   318 |    87 |       ||   712
       Arbalest          |       |       |       |       |   423 |   285 ||   708
Throw: Tomahawk          |       |       |       |     8 |       |       ||     8
Invok: Heroism           |       |       |     5 |     6 |    12 |    11 ||    34
       Finesse           |       |       |       |     1 |     2 |     5 ||     8
Evoke: Wand              |       |       |     8 |     7 |    19 |     7 ||    41
  Use: Scroll            |       |     1 |    15 |     6 |     9 |     6 ||    37
       Potion            |       |       |    14 |     3 |     2 |     3 ||    22
 Stab: Sleeping          |       |       |     7 |       |     4 |     1 ||    12
       Paralysed         |       |       |    10 |       |       |     1 ||    11
       Invisible         |       |       |    14 |       |       |       ||    14
  Eat: Chunk             |     9 |     3 |    16 |    15 |    27 |    28 ||    98
Armor: Leather armour    |     5 |     3 |    18 |    19 |       |       ||    45
       Skin              |       |       |    32 |       |     2 |       ||    34
       Ring mail         |       |       |    12 |       |       |       ||    12
       Robe              |       |       |       |     3 |    31 |       ||    34
       Scale mail        |       |       |       |       |       |    66 ||    66
Dodge: Dodged            |    11 |    16 |   230 |   140 |   258 |   247 ||   902
       Deflected         |       |       |       |       |       |     1 ||     1
Block: Buckler           |       |       |     1 |       |       |       ||     1
